| TOP OF THE 1ST |
|
Indianapolis Indians batting - Pitching for Gwinnett Braves : RHP Tim Catalano
|
|
Pitching: RHP Tim Catalano
|
|
|
Batting: SHB Francisco Gutierrez
|
0-0: Called Strike 0-1: Ball 1-1: Ball 2-1: Foul Ball, location: 2F 2-2: Ground out 4-3 (Groundball, 4, EV 106.2 MPH)
|
|
Batting: RHB Caleb Russell
|
0-0: Called Strike 0-1: Ball 1-1: Called Strike 1-2: Foul Ball, location: 2F 1-2: Strikes out swinging
|
|
Batting: LHB Jorge Quintana
|
0-0: Called Strike 0-1: Foul Ball, location: 2F 0-2: Strikes out swinging
|
| Top of the 1st over - 0 runs, 0 hits, 0 errors, 0 left on base; Indianapolis 0 - Gwinnett 0 |
| BOTTOM OF THE 1ST |
|
Gwinnett Braves batting - Pitching for Indianapolis Indians : RHP Derek White
|
|
Pitching: RHP Derek White
|
|
|
Batting: LHB Robby Dann
|
0-0: DOUBLE (Line Drive, 7LD, EV 98.8 MPH)
|
|
Batting: RHB Neal Tinoco
|
0-0: Ball 1-0: Foul Ball, location: 2F 1-1: Ball 2-1: SINGLE (Groundball, 56, EV 96.2 MPH) (infield hit) Robby Dann to third
|
|
Batting: RHB Chris Sharpe
|
0-0: Called Strike Neal Tinoco steals 2nd base 0-1: Called Strike 0-2: Ground out 6-3 (Groundball, 6M, EV 98.8 MPH) Robby Dann scores Neal Tinoco to third
|
|
Batting: RHB Jake Lang
|
0-0: Called Strike 0-1: Swinging Strike 0-2: Ball 1-2: Strikes out swinging
|
|
Batting: LHB Mark Buchholz
|
0-0: Foul Ball, location: 2F 0-1: Swinging Strike 0-2: Ground out 6-3 (Groundball, 6, EV 101.2 MPH)
|
| Bottom of the 1st over - 1 run, 2 hits, 0 errors, 1 left on base; Indianapolis 0 - Gwinnett 1 |
| TOP OF THE 2ND |
|
Indianapolis Indians batting - Pitching for Gwinnett Braves : RHP Tim Catalano
|
|
Batting: SHB Ben Myers
|
0-0: Ground out 4-3 (Groundball, 4, EV 85.6 MPH)
|
|
Batting: SHB Louie Horne
|
0-0: Ball 1-0: SINGLE (Flyball, 7S, EV 96.2 MPH)
|
|
Batting: RHB Matt Keef
|
0-0: Foul Ball, location: 2F 0-1: Ball 1-1: Foul Ball, location: 2F 1-2: Fly out, F3 (Popup, 3SF, EV 83.8 MPH)
|
|
Batting: RHB Chris McCoy
|
0-0: Ball 1-0: SINGLE (Groundball, 3D, EV 103.1 MPH) Louie Horne to second Runner from 2nd tries for 3rd, SAFE, throw by RF made to third Chris McCoy to second
|
|
Batting: RHB Danny Gallegos
|
0-0: Called Strike 0-1: SINGLE (Groundball, 6S, EV 67.5 MPH) (infield hit) Louie Horne scores Chris McCoy to third
|
|
Batting: RHB Slamet Pamungkas
|
0-0: Fly out, F8 (Flyball, 8LD, EV 98.8 MPH)
|
| Top of the 2nd over - 1 run, 3 hits, 0 errors, 2 left on base; Indianapolis 1 - Gwinnett 1 |
| BOTTOM OF THE 2ND |
|
Gwinnett Braves batting - Pitching for Indianapolis Indians : RHP Derek White
|
|
Batting: RHB Jesse Lester
|
0-0: Called Strike 0-1: Foul Ball, location: 2F 0-2: Ball 1-2: Strikes out looking
|
|
Batting: RHB Riley Nasiir
|
0-0: Called Strike 0-1: Called Strike 0-2: Ball 1-2: Strikes out swinging
|
|
Batting: SHB Eric Reeser
|
0-0: Foul Ball, location: 2F 0-1: Foul Ball, location: 2F 0-2: Ball 1-2: Ball 2-2: Foul Ball, location: 2F 2-2: Strikes out swinging
|
| Bottom of the 2nd over - 0 runs, 0 hits, 0 errors, 0 left on base; Indianapolis 1 - Gwinnett 1 |
| TOP OF THE 3RD |
|
Indianapolis Indians batting - Pitching for Gwinnett Braves : RHP Tim Catalano
|
|
Batting: SHB Francisco Gutierrez
|
0-0: Called Strike 0-1: Called Strike 0-2: Ball 1-2: Ball 2-2: Ball 3-2: Strikes out swinging
|
|
Batting: RHB Caleb Russell
|
0-0: Ball 1-0: Swinging Strike 1-1: SINGLE (Groundball, 6MS, EV 63.8 MPH) (infield hit)
|
|
Batting: LHB Jorge Quintana
|
0-0: Called Strike 0-1: Called Strike 0-2: SINGLE (Groundball, 6S, EV 71.2 MPH) (infield hit) Caleb Russell to second
|
|
Batting: SHB Ben Myers
|
0-0: Ball 1-0: Ball 2-0: Swinging Strike 2-1: Foul Ball, location: 2F 2-2: Ball 3-2: Strikes out swinging
|
|
Batting: SHB Louie Horne
|
0-0: Foul Ball, location: 2F 0-1: Fly out, F9 (Flyball, 9LS, EV 92.5 MPH)
|
| Top of the 3rd over - 0 runs, 2 hits, 0 errors, 2 left on base; Indianapolis 1 - Gwinnett 1 |
| BOTTOM OF THE 3RD |
|
Gwinnett Braves batting - Pitching for Indianapolis Indians : RHP Derek White
|
|
Batting: SHB Tim Rodgers
|
0-0: Called Strike 0-1: Fly out, F8 (Line Drive, 8RM, EV 97.5 MPH)
|
|
Batting: LHB Robby Dann
|
0-0: Ball 1-0: Foul Ball, location: 2F 1-1: Foul Ball, location: 2F 1-2: SINGLE (Line Drive, 6M, EV 103.1 MPH)
|
|
Batting: RHB Neal Tinoco
|
0-0: Ball Robby Dann steals 2nd base 1-0: Called Strike 1-1: Called Strike 1-2: Foul Ball, location: 2F 1-2: Strikes out swinging
|
|
Batting: RHB Chris Sharpe
|
0-0: Swinging Strike 0-1: Ball 1-1: Swinging Strike 1-2: Strikes out looking
|
| Bottom of the 3rd over - 0 runs, 1 hit, 0 errors, 1 left on base; Indianapolis 1 - Gwinnett 1 |
| TOP OF THE 4TH |
|
Indianapolis Indians batting - Pitching for Gwinnett Braves : RHP Tim Catalano
|
|
Batting: RHB Matt Keef
|
0-0: Called Strike 0-1: Ball 1-1: Called Strike 1-2: Ball 2-2: Ground out 6-3 (Groundball, 6, EV 106.2 MPH)
|
|
Batting: RHB Chris McCoy
|
0-0: DOUBLE (Groundball, 5L, EV 95.0 MPH)
|
|
Batting: RHB Danny Gallegos
|
0-0: Ball 1-0: SINGLE (Groundball, 25, EV 65.6 MPH) (infield hit) Chris McCoy to third
|
|
Batting: RHB Slamet Pamungkas
|
0-0: SINGLE (Line Drive, 4MD, EV 101.2 MPH) Chris McCoy scores Danny Gallegos to second
|
|
Batting: SHB Francisco Gutierrez
|
0-0: Called Strike 0-1: Ball 1-1: SINGLE (Line Drive, 78S, EV 93.1 MPH) Danny Gallegos to third Slamet Pamungkas to second Runner from 3rd tries for Home, SAFE, throw by LF to home
|
|
Batting: RHB Caleb Russell
|
0-0: Foul Ball, location: 2F 0-1: Ball 1-1: Ball Slamet Pamungkas is caught stealing 3rd base 2-5 Francisco Gutierrez to second 2-1: Fly out, F8 (Line Drive, 78M, EV 91.9 MPH)
|
| Top of the 4th over - 2 runs, 4 hits, 0 errors, 1 left on base; Indianapolis 3 - Gwinnett 1 |
| BOTTOM OF THE 4TH |
|
Gwinnett Braves batting - Pitching for Indianapolis Indians : RHP Derek White
|
|
Batting: RHB Jake Lang
|
0-0: SINGLE (Groundball, 6D, EV 103.8 MPH)
|
|
Batting: LHB Mark Buchholz
|
0-0: Ball 1-0: Ball 2-0: SINGLE (Flyball, 5D, EV 91.2 MPH) Jake Lang to second
|
|
Batting: RHB Jesse Lester
|
0-0: Ball 1-0: Ball 2-0: Swinging Strike 2-1: Foul Ball, location: 2F 2-2: Ball 3-2: Base on Balls Jake Lang to third Mark Buchholz to second
|
|
Batting: RHB Riley Nasiir
|
0-0: Ball 1-0: Ball 2-0: Called Strike 2-1: Grounds into double play, 5-4-3 (Groundball, 5, EV 108.8 MPH) Jake Lang scores Mark Buchholz to third
|
|
Batting: SHB Eric Reeser
|
0-0: Ball 1-0: Ball 2-0: Ball 3-0: Base on Balls
|
|
Batting: SHB Tim Rodgers
|
0-0: Called Strike 0-1: Ball 1-1: Foul Ball, location: 2F 1-2: Ball 2-2: Ground out 4-3 (Groundball, 4, EV 86.2 MPH)
|
| Bottom of the 4th over - 1 run, 2 hits, 0 errors, 2 left on base; Indianapolis 3 - Gwinnett 2 |
| TOP OF THE 5TH |
|
Indianapolis Indians batting - Pitching for Gwinnett Braves : RHP Tim Catalano
|
|
Batting: LHB Jorge Quintana
|
0-0: Called Strike 0-1: Swinging Strike 0-2: Ball 1-2: Strikes out swinging
|
|
Batting: SHB Ben Myers
|
0-0: Ball 1-0: Fly out, F7 (Line Drive, 7LM, EV 107.5 MPH)
|
|
Batting: SHB Louie Horne
|
0-0: Ground out 6-3 (Groundball, 56, EV 76.9 MPH)
|
| Top of the 5th over - 0 runs, 0 hits, 0 errors, 0 left on base; Indianapolis 3 - Gwinnett 2 |
| BOTTOM OF THE 5TH |
|
Gwinnett Braves batting - Pitching for Indianapolis Indians : RHP Derek White
|
|
Batting: LHB Robby Dann
|
0-0: Ball 1-0: Ball 2-0: Foul Ball, location: 2F 2-1: SINGLE (Line Drive, 78M, EV 91.9 MPH)
|
|
Batting: RHB Neal Tinoco
|
0-0: Called Strike Robby Dann is caught stealing 2nd base 2-4 0-1: Foul Ball, location: 2F 0-2: Foul Ball, location: 2F 0-2: Foul Ball, location: 2F 0-2: Ball 1-2: Ball 2-2: Foul Ball, location: 2F 2-2: Foul Ball, location: 2F 2-2: Strikes out looking
|
|
Batting: RHB Chris Sharpe
|
0-0: Ball 1-0: Ball 2-0: Called Strike 2-1: Ball 3-1: Base on Balls
|
|
Batting: RHB Jake Lang
|
0-0: Called Strike 0-1: Ball 1-1: Ball 2-1: 2-RUN HOME RUN (Flyball, 89XD, EV 101.2 MPH), Distance : 394 ft
|
|
Batting: LHB Mark Buchholz
|
0-0: Ball 1-0: Ball 2-0: Ball 3-0: Called Strike 3-1: Base on Balls
|
|
Batting: RHB Jesse Lester
|
0-0: Called Strike 0-1: Ground out 4-3 (Groundball, 34, EV 101.9 MPH)
|
| Bottom of the 5th over - 2 runs, 2 hits, 0 errors, 1 left on base; Indianapolis 3 - Gwinnett 4 |
| TOP OF THE 6TH |
|
Indianapolis Indians batting - Pitching for Gwinnett Braves : RHP Tim Catalano
|
|
Batting: RHB Matt Keef
|
0-0: Called Strike 0-1: Swinging Strike 0-2: Ball 1-2: SINGLE (Groundball, 6D, EV 98.1 MPH)
|
|
Batting: RHB Chris McCoy
|
0-0: Ball 1-0: Ball 2-0: Called Strike 2-1: Ball 3-1: Called Strike 3-2: SINGLE (Line Drive, 78S, EV 106.2 MPH) Matt Keef to second
|
|
Batting: RHB Danny Gallegos
|
0-0: Ball 1-0: Ball 2-0: SINGLE (Groundball, 6M, EV 85.6 MPH) (infield hit) Matt Keef to third Chris McCoy to second
|
|
Batting: RHB Slamet Pamungkas
|
0-0: Called Strike 0-1: DOUBLE (Line Drive, 9LS, EV 93.8 MPH) Matt Keef scores Chris McCoy scores Danny Gallegos to third
|
|
Batting: SHB Francisco Gutierrez
|
0-0: Intentional Walk
|
|
Pitching: LHP Shinya Taira
|
|
|
Batting: RHB Caleb Russell
|
0-0: Foul Ball, location: 2F 0-1: SINGLE (Groundball, 4M, EV 102.5 MPH) Danny Gallegos scores Slamet Pamungkas to third Francisco Gutierrez to second Runner from 3rd tries for Home, SAFE, throw by CF to home
|
|
Batting: LHB Jorge Quintana
|
0-0: Ground out 4-3 (Groundball, 4S, EV 68.8 MPH) Francisco Gutierrez to third Caleb Russell to second
|
|
Batting: SHB Ben Myers
|
0-0: Ball 1-0: Ground out 5-3 (Groundball, 15, EV 93.1 MPH) Francisco Gutierrez scores
|
|
Batting: SHB Louie Horne
|
0-0: Foul Ball, location: 2F 0-1: Ball 1-1: Swinging Strike 1-2: Ball 2-2: Ball 3-2: Ground out U3 (Groundball, 34, EV 81.2 MPH)
|
| Top of the 6th over - 5 runs, 5 hits, 0 errors, 1 left on base; Indianapolis 8 - Gwinnett 4 |
| BOTTOM OF THE 6TH |
|
Gwinnett Braves batting - Pitching for Indianapolis Indians : RHP Derek White
|
|
Pitching: RHP Justin Jones
|
|
|
Batting: RHB Riley Nasiir
|
0-0: Ball 1-0: Called Strike 1-1: Ball 2-1: Called Strike 2-2: Ball 3-2: Strikes out swinging
|
|
Batting: SHB Eric Reeser
|
0-0: Called Strike 0-1: Swinging Strike 0-2: Ball 1-2: Ball 2-2: Ball 3-2: Strikes out swinging
|
|
Batting: SHB Tim Rodgers
|
0-0: Called Strike 0-1: Called Strike 0-2: Ball 1-2: Foul Ball, location: 2F 1-2: Strikes out swinging
|
| Bottom of the 6th over - 0 runs, 0 hits, 0 errors, 0 left on base; Indianapolis 8 - Gwinnett 4 |
| TOP OF THE 7TH |
|
Indianapolis Indians batting - Pitching for Gwinnett Braves : LHP Shinya Taira
|
|
Batting: RHB Matt Keef
|
0-0: Ball 1-0: Ground out 6-3 (Groundball, 6, EV 91.2 MPH)
|
|
Batting: RHB Chris McCoy
|
0-0: DOUBLE (Line Drive, 5D, EV 95.0 MPH)
|
|
Batting: RHB Danny Gallegos
|
0-0: Ball 1-0: Ball 2-0: Ball 3-0: Base on Balls
|
|
Batting: RHB Slamet Pamungkas
|
0-0: Called Strike 0-1: Foul Ball, location: 2F 0-2: Strikes out swinging
|
|
Batting: SHB Francisco Gutierrez
|
0-0: Ball 1-0: Foul Ball, location: 2F 1-1: Foul Ball, location: 2F 1-2: Ball 2-2: Strikes out swinging
|
| Top of the 7th over - 0 runs, 1 hit, 0 errors, 2 left on base; Indianapolis 8 - Gwinnett 4 |
| BOTTOM OF THE 7TH |
|
Gwinnett Braves batting - Pitching for Indianapolis Indians : RHP Justin Jones
|
|
Batting: LHB Robby Dann
|
0-0: Ball 1-0: Called Strike 1-1: Fly out, F8 (Flyball, 8RXD, EV 78.1 MPH)
|
|
Batting: RHB Neal Tinoco
|
0-0: Ball 1-0: Swinging Strike 1-1: Swinging Strike 1-2: Hit by Pitch
|
|
Batting: RHB Chris Sharpe
|
0-0: Swinging Strike 0-1: Ball 1-1: Ball 2-1: Swinging Strike 2-2: Ball 3-2: Ground out 4-3 (Groundball, 34, EV 88.1 MPH) Neal Tinoco to second
|
|
Batting: RHB Jake Lang
|
0-0: Swinging Strike 0-1: Called Strike 0-2: Foul Ball, location: 2F 0-2: Ball 1-2: Strikes out swinging
|
| Bottom of the 7th over - 0 runs, 0 hits, 0 errors, 1 left on base; Indianapolis 8 - Gwinnett 4 |
| TOP OF THE 8TH |
|
Indianapolis Indians batting - Pitching for Gwinnett Braves : LHP Shinya Taira
|
|
Pitching: LHP Pete McAllister
|
|
|
Batting: RHB Caleb Russell
|
0-0: Ball 1-0: Foul Ball, location: 2F 1-1: Foul Ball, location: 2F 1-2: Ball 2-2: Strikes out swinging
|
|
Batting: LHB Jorge Quintana
|
0-0: Ball 1-0: Ball 2-0: Called Strike 2-1: DOUBLE (Flyball, 8RD, EV 91.9 MPH)
|
|
Batting: SHB Ben Myers
|
0-0: Ball 1-0: Fly out, F9 (Flyball, 9D, EV 101.2 MPH) Runner from 2nd tags up, SAFE at 3rd, no throw by RF
|
|
Batting: SHB Louie Horne
|
0-0: Ball 1-0: Called Strike 1-1: Called Strike 1-2: Foul Ball, location: 2F 1-2: Strikes out swinging
|
| Top of the 8th over - 0 runs, 1 hit, 0 errors, 1 left on base; Indianapolis 8 - Gwinnett 4 |
| BOTTOM OF THE 8TH |
|
Gwinnett Braves batting - Pitching for Indianapolis Indians : RHP Justin Jones
|
|
Pitching: LHP Hideharu Omoto
|
|
|
Batting: LHB Mark Buchholz
|
0-0: Ball 1-0: Foul Ball, location: 2F 1-1: Foul Ball, location: 2F 1-2: Ball 2-2: Ball 3-2: Strikes out looking
|
|
Batting: RHB Jesse Lester
|
0-0: Ball 1-0: Foul Ball, location: 2F 1-1: Ball 2-1: Swinging Strike 2-2: Foul Ball, location: 2F 2-2: Foul Ball, location: 2F 2-2: Foul Ball, location: 2F 2-2: Strikes out swinging
|
|
Batting: RHB Riley Nasiir
|
0-0: Swinging Strike 0-1: Swinging Strike 0-2: Ball 1-2: Strikes out looking
|
| Bottom of the 8th over - 0 runs, 0 hits, 0 errors, 0 left on base; Indianapolis 8 - Gwinnett 4 |
| TOP OF THE 9TH |
|
Indianapolis Indians batting - Pitching for Gwinnett Braves : LHP Pete McAllister
|
|
Batting: RHB Matt Keef
|
0-0: Ball 1-0: Foul Ball, location: 2F 1-1: Ball 2-1: Ball 3-1: Called Strike 3-2: Base on Balls
|
|
Batting: RHB Chris McCoy
|
0-0: Bunted foul 0-1: Ball 1-1: Bunted foul 1-2: Ball 2-2: Foul Ball, location: 2F 2-2: DOUBLE (Line Drive, 9LM, EV 97.5 MPH) Matt Keef to third
|
|
Batting: RHB Danny Gallegos
|
0-0: Foul Ball, location: 2F 0-1: Foul Ball, location: 2F 0-2: Foul Ball, location: 2F 0-2: Strikes out swinging
|
|
Batting: RHB Slamet Pamungkas
|
0-0: Called Strike 0-1: Ball 1-1: Ball 2-1: Called Strike 2-2: Strikes out swinging
|
|
Batting: SHB Francisco Gutierrez
|
0-0: Ball 1-0: Ball 2-0: SINGLE (Groundball, 34D, EV 102.5 MPH) Matt Keef scores Chris McCoy to third Runner from 3rd tries for Home, throw by RF and OUT! 9-2
|
| Top of the 9th over - 1 run, 2 hits, 0 errors, 1 left on base; Indianapolis 9 - Gwinnett 4 |
| BOTTOM OF THE 9TH |
|
Gwinnett Braves batting - Pitching for Indianapolis Indians : LHP Hideharu Omoto
|
|
Batting: SHB Eric Reeser
|
0-0: Ball 1-0: Foul Ball, location: 2F 1-1: Swinging Strike 1-2: Foul Ball, location: 2F 1-2: Ball 2-2: Strikes out swinging
|
|
Batting: SHB Tim Rodgers
|
0-0: Foul Ball, location: 2F 0-1: Ground out 6-3 (Groundball, 6, EV 78.8 MPH)
|
|
Batting: LHB Robby Dann
|
0-0: Foul Ball, location: 2F 0-1: Called Strike 0-2: Foul Ball, location: 2F 0-2: Strikes out swinging
|
| Bottom of the 9th over - 0 runs, 0 hits, 0 errors, 0 left on base; Indianapolis 9 - Gwinnett 4 |
|